[Event "*** Titled Tuesday Blitz"]
[Site "Chess.com"]
[Date "2021.04.20"]
[Round "8"]
[White "DrCeltic"]
[Black "gumimis"]
[Result "0-1"]
[WhiteElo "2468"]
[BlackElo "2338"]
[TimeControl "180+1"]
[EndTime "11:26:23 PDT"]
[Termination "gumimis won on time"]

1. e4 c6 2. d4 d5 3. exd5 cxd5 4. c4 Nf6 5. Nc3 Nc6 6. Bg5 Ne4 7. Nxe4 dxe4 8. d5 Ne5 9. Bf4 Ng6 10. Be3 e5 11.
Qb3 Qa5+ 12. Bd2 Qc7 13. Ne2 Bc5 14. Nc3 f5 15. Nb5 Qb6 16. Be3 O-O 17. Be2 f4 18. Bxc5 Qxc5 19. d6 f3 20. gxf3 exf3 21. Bd3 e4 22. Bf1 Bd7 23. Nc7 Rab8 24. O-O-O Qxf2 25. c5+ Kh8 26. Bb5 Qxc5+ 27. Kb1 Bf5 28. Ka1 Rbd8 29. h4 Rxd6 30. Rxd6 Qxd6 31. h5 Nf4 32. Rc1 Rc8 33. Qf7 Be6 0-1

[Event "*** Titled Tuesday Blitz"]
[Site "Chess.com"]
[Date "2021.04.20"]
[Round "8"]
[White "mr65"]
[Black "ybruned"]
[Result "0-1"]
[WhiteElo "2132"]
[BlackElo "2322"]
[TimeControl "180+1"]
[EndTime "11:26:23 PDT"]
[Termination "ybruned won by resignation"]

1. e4 b6 2. Nc3 Bb7 3. Nf3 e6 4. Be2 Bb4 5. d3 d5 6. exd5 exd5 7. O-O Nf6 8. a3 Be7 9. d4 O-O 10. Bg5 Nbd7 11. h3 Ne4 12. Nxe4 dxe4 13. Bxe7 Qxe7 14. Nh2 f5 15. f3 e3 16. c3 f4 17. a4 a5 18. Ng4 h5 19. Nh2 Qg5 20.
Qb3+ Kh8 21. Qb5 Qxb5 22. Bxb5 Nf6 23. Rfe1 g5 24. b4 Rfd8 25. Red1 Nd5 26. Rd3 axb4 27. cxb4 Nxb4 28. Rdd1 Ba6 29. h4 gxh4 30. Bxa6 Rxa6 31. Rdc1 Ra7 32. Rc4 Nd5 33. Rc6 Kg7 34. Nf1 Raa8 35. Re6 Re8 36. Re5 Rxe5 37. dxe5 Re8 38. Nh2 Rxe5 39.
Kf1 e2+ 40. Ke1 Nb4 41. Kd2 Nc2 42. Kxc2 e1=Q 43. Rxe1 Rxe1 0-1

[Event "*** Titled Tuesday Blitz"]
[Site "Chess.com"]
[Date "2021.04.20"]
[Round "8"]
[White "Chernov_Alexander_A"]
[Black "halldorgretar"]
[Result "0-1"]
[WhiteElo "2282"]
[BlackElo "2133"]
[TimeControl "180+1"]
[EndTime "11:26:24 PDT"]
[Termination "halldorgretar won by resignation"]

1. Nf3 Nf6 2. g3 g6 3. Bg2 Bg7 4. O-O O-O 5. d4 d6 6. b3 c6 7. Bb2 Qa5 8. c4 Qh5 9. Nbd2 Bh3 10. Qc2 Nbd7 11. e4 e5 12. Rfe1 Ng4 13. b4 f5 14.
dxe5 Ndxe5 15. exf5 Rxf5 16. Bxe5 dxe5 17. Bh1 Raf8 18.
Qe4 Nf6 19. Qh4 Qxh4 20. Nxh4 Rxf2 21. Kxf2 Ng4+ 22. Kg1 e4 23. Nb3 Bxa1 24. Rxa1 e3 25. Re1 e2 26. Nd4 Rf1+ 0-1

[Event "*** Titled Tuesday Blitz"]
[Site "Chess.com"]
[Date "2021.04.20"]
[Round "8"]
[White "alexgo05"]
[Black "GoValya"]
[Result "1-0"]
[WhiteElo "2472"]
[BlackElo "2301"]
[TimeControl "180+1"]
[EndTime "11:26:25 PDT"]
[Termination "alexgo05 won by resignation"]

1. e4 e6 2. d3 d5 3. Nd2 Nf6 4. Ngf3 dxe4 5. dxe4 b6 6. Bb5+ Nbd7 7. O-O Bc5 8. c3 O-O 9. e5 Nd5 10. Ne4 Bb7 11.
Bg5 f6 12. Bxd7 Qxd7 13. exf6 gxf6 14. Bxf6 Rxf6 15. Qxd5 Qxd5 16. Nxf6+ Kg7 17. Nxd5 Bxd5 18. Nd4 e5 19. Nf5+ Kf6 20. Ne3 Bc6 21. b4 Bd6 22. Rad1 Rg8 23. Rfe1 a5 24. a3 axb4 25. axb4 Ke6 26.
g3 h5 27. h4 Bf3 28. Rd2 Be7 29. Nc4 e4 30. Kh2 Kf5 31. Rd4 c5 32. Rd5+ Ke6 33. Re5+ Kf6 34. Rg5 Rxg5 35. hxg5+ Kxg5 36. Ne5 cxb4 37. Nxf3+ Kg4 38. Rxe4+ Kxf3 39. Rxe7 bxc3 40. Rc7 Kxf2 41.
Rxc3 b5 42. Rb3 h4 43. gxh4 1-0

[Event "*** Titled Tuesday Blitz"]
[Site "Chess.com"]
[Date "2021.04.20"]
[Round "8"]
[White "pirulillo"]
[Black "Nils_03"]
[Result "0-1"]
[WhiteElo "2215"]
[BlackElo "2401"]
[TimeControl "180+1"]
[EndTime "11:26:25 PDT"]
[Termination "Nils_03 won by resignation"]

1. e4 c5 2. Nf3 Nc6 3. Bb5 g6 4. Bxc6 bxc6 5. O-O Bg7 6. Re1 Nh6 7. h3 O-O 8. Nc3 d6 9. d3 f5 10. e5 d5 11. Na4 Qa5 12. c4 dxc4 13. dxc4 Be6 14. Bd2 Qc7 15. Rc1 Kh8 16. Nxc5 Bg8 17. b3 Nf7 18.
Bc3 Nd8 19. Qd7 Ne6 20. Qxc7 Nxc7 21. Nd4 Rfc8 22. Nxc6 Ne8 23. Nxe7 Rxc5 24. Nxg8 Kxg8 25. Rcd1 Rac8 26. f4 R5c7 27. Rd3 Bf8 28. Red1 Bc5+ 29.
Kf1 Ng7 30. g3 Ne6 31. Kg2 Kf7 32. Kf3 Ke7 33. R1d2 Rd8 34. Rd5 Bb6 35. Bb2 Rcd7 36. Ba3+ Ke8 37. Rd6 Rxd6 38. exd6 Kd7 39. Re2 Nd4+ 40.
Kf2 Nxe2+ 41. Kxe2 Re8+ 42. Kd3 Re3+ 43. Kd2 Rxg3 44.
c5 Bd8 45. b4 Rxa3 46. b5 Rxa2+ 47. Kd3 a6 48. Kc4 axb5+ 49. Kxb5 Rb2+ 50. Kc4 Kc6 0-1

[Event "*** Titled Tuesday Blitz"]
[Site "Chess.com"]
[Date "2021.04.20"]
[Round "8"]
[White "Pantata007"]
[Black "Ghost_Pepper"]
[Result "1-0"]
[WhiteElo "2240"]
[BlackElo "2361"]
[TimeControl "180+1"]
[EndTime "11:26:25 PDT"]
[Termination "Pantata007 won by resignation"]

1. d4 Nf6 2. c4 g6 3. Nc3 d5 4. cxd5 Nxd5 5. e4 Nxc3 6. bxc3 Bg7 7. Nf3 O-O 8. Be2 c5 9. O-O Nc6 10. Be3 Bg4 11. d5 Na5 12. Bxc5 Bxc3 13. Rc1 Bg7 14. Bb4 Bxf3 15. Bxf3 b6 16. Re1 Rc8 17. Rxc8 Qxc8 18.
Bxe7 Re8 19. d6 Qe6 20. Bg4 Qe5 21. Qa4 Rxe7 22. dxe7 Qxe7 23. Rd1 Be5 24. g3 Qc5 25. Kg2 Nc4 26. Qe8+ Kg7 27. Rd5 Qc7 28. Rd7 Ne3+ 29. fxe3 Qc2+ 30. Kh3 Qf2 31. Qxe5+ Kh6 32. Qf4+ 1-0

[Event "*** Titled Tuesday Blitz"]
[Site "Chess.com"]
[Date "2021.04.20"]
[Round "8"]
[White "zurzan"]
[Black "dhaessel"]
[Result "1-0"]
[WhiteElo "2007"]
[BlackElo "2061"]
[TimeControl "180+1"]
[EndTime "11:26:25 PDT"]
[Termination "zurzan won by resignation"]

1. f4 d5 2. Nf3 Nf6 3. g3 g6 4. Bg2 Bg7 5. O-O O-O 6. d3 d4 7. c3 c5 8. a4 Nc6 9. Na3 dxc3 10. bxc3 Nd5 11. Bb2 Nxc3 12. Bxc3 Bxc3 13. Ra2 Nb4 14. Ra1 Bxa1 15. Qxa1 Qa5 16. Nc4 Qa6 17. a5 Be6 18. Nfd2 b5 19. Bxa8 bxc4 20. Be4 cxd3 21. exd3 Nxd3 22.
Rb1 Nb4 23. Qe5 Qe2 24. Qc3 Nd5 25. Qd3 Qxd3 26. Bxd3 Nb4 27. Be2 Bf5 28. Rc1 Rc8 29.
Nc4 Nd3 30. Rc3 Nb4 31. g4 Be6 32. Ne5 Nd5 33. Rf3 Rb8 34. f5 gxf5 35. gxf5 Bc8 36.
Nc6 Rb7 37. Bc4 Nf6 38. Rg3+ Kf8 39. Rf3 Rc7 40. Ne5 Ne4 41. Rf4 Nd6 42. Bd3 c4 43. Bc2 Bb7 44. h4 Rc5 45. Nd7+ 1-0

[Event "*** Titled Tuesday Blitz"]
[Site "Chess.com"]
[Date "2021.04.20"]
[Round "8"]
[White "Skat2704"]
[Black "Grandelicious"]
[Result "1/2-1/2"]
[WhiteElo "2676"]
[BlackElo "2811"]
[TimeControl "180+1"]
[EndTime "11:26:27 PDT"]
[Termination "Game drawn by repetition"]

1. d4 Nf6 2. Nf3 e6 3. Bf4 c5 4. e3 cxd4 5. exd4 b6 6. Be2 Bb7 7. O-O Be7 8. c4 d5 9. Nc3 O-O 10. Rc1 dxc4 11. Bxc4 a6 12. Qe2 b5 13. Bd3 Nc6 14. Rfd1 Nb4 15. Bb1 Rc8 16. Ne5 Nbd5 17. Bg3 g6 18. Ne4 Nxe4 19. Bxe4 Rxc1 20. Rxc1 Bg5 21.
Rd1 Qe7 22. Bf3 Rc8 23. h3 Nf4 24. Bxf4 Bxf4 25. Bxb7 Qxb7 26. g3 Bh6 27. d5 exd5 28. Qf3 Rd8 29. Qf6 Re8 30. Qd6 Bg7 31. Rxd5 Bf8 32. Qd7 Qxd7 33. Nxd7 Re2 34. Nxf8 Kxf8 35. Rd8+ Kg7 36. Ra8 Rxb2 37. Rxa6 h5 38. h4 b4 39. Kg2 b3 40. axb3 Rxb3 41. Rc6 Rb8 42. Kf3 Rb3+ 43. Kg2 Rb8 44. Kf3 Rb3+ 45. Kg2 1/2-1/2

[Event "*** Titled Tuesday Blitz"]
[Site "Chess.com"]
[Date "2021.04.20"]
[Round "8"]
[White "Mikhal867"]
[Black "albi1999"]
[Result "0-1"]
[WhiteElo "2440"]
[BlackElo "2605"]
[TimeControl "180+1"]
[EndTime "11:26:27 PDT"]
[Termination "albi1999 won by resignation"]

1. c4 e5 2. Nc3 Bb4 3. Nd5 Bc5 4. g3 c6 5. Nc3 d5 6. cxd5 cxd5 7.
Bg2 Nf6 8. Qb3 d4 9. Bxb7 Bxb7 10. Qxb7 Nbd7 11. Ne4 O-O 12. Nxc5 Nxc5 13. Qb5 Qd5 14. f3 Rab8 15. e4 Nfxe4 16. Qe2 Nd6 17. d3 f5 18. Nh3 Rfe8 19. O-O Qb7 20. b3 Qa6 21. Nf2 e4 22. Bf4 e3 23. Nh3 Rbd8 24. Rfd1 Nb5 25. Rac1 Ne6 26. a4 Nc3 27. Rxc3 dxc3 28. Qxe3 Nd4 29. Qf2 Qc6 30. Be3 Nxf3+ 31. Kf1 Ne5 32. d4 Ng4 33. d5 Rxd5 34. Qf3 Rxd1+ 35. Qxd1 Nxe3+ 0-1

[Event "*** Titled Tuesday Blitz"]
[Site "Chess.com"]
[Date "2021.04.20"]
[Round "8"]
[White "davigator"]
[Black "klimkoj"]
[Result "0-1"]
[WhiteElo "2434"]
[BlackElo "2616"]
[TimeControl "180+1"]
[EndTime "11:26:28 PDT"]
[Termination "klimkoj won by resignation"]

1. e4 c5 2. Nf3 d6 3. d4 cxd4 4. Nxd4 Nf6 5. Nc3 a6 6. Bg5 e6 7.
f4 Be7 8. Qf3 Nbd7 9. O-O-O Qc7 10. g4 h6 11. Bxf6 Nxf6 12. h4 b5 13. g5 Nd7 14. a3 Bb7 15. Bd3 Nc5 16. Kb1 O-O-O 17.
Rhg1 hxg5 18. hxg5 g6 19. Qf2 Kb8 20. f5 gxf5 21. exf5 e5 22. Nb3 d5 23. f6 Bd6 24.
g6 Nxb3 25. cxb3 e4 26. Bc2 Bc5 27. Rd4 fxg6 28. Rxg6 Qe5 29. Ne2 Rh2 30. Rxe4 dxe4 31. Qf4 Qxf4 32. Nxf4 Rdd2 33. Ne6 Bd6 34. Rg8+ Ka7 35.
Nd8 Rxc2 36. Nxb7 Rxb2+ 37. Kc1 Bf4+ 0-1

[Event "*** Titled Tuesday Blitz"]
[Site "Chess.com"]
[Date "2021.04.20"]
[Round "8"]
[White "ErikRonka"]
[Black "Supernotar"]
[Result "0-1"]
[WhiteElo "2485"]
[BlackElo "2689"]
[TimeControl "180+1"]
[EndTime "11:26:29 PDT"]
[Termination "Supernotar won by resignation"]

1. d4 d5 2. c4 dxc4 3. Nf3 Nf6 4. Qa4+ c6 5. Qxc4 b5 6. Qc2 Bb7 7. e4 e6 8. Bd3 Be7 9. O-O Nbd7 10. a4 a6 11. Bf4 h6 12. Qe2 bxa4 13. Nc3 c5 14. d5 exd5 15. exd5 Bxd5 16. Nxd5 Nxd5 17. Bg3 O-O 18. Rxa4 Nb4 19. Be4 Ra7 20. Rd1 Qb6 21. Bb1 Nf6 22. Ra3 Re8 23. Re3 Nfd5 24. Re5 Qb5 25.
Qe4 Nf6 26. Qf5 Nc6 27. Ree1 Raa8 28. h3 Nd4 29. Nxd4 cxd4 30. Qxb5 axb5 31. Rxd4 Bc5 32. Rxe8+ Rxe8 33. Rd1 Ne4 34. Re1 f5 35. Bf4 Bxf2+ 36. Kf1 Bxe1 37. Kxe1 Nc3+ 0-1

[Event "*** Titled Tuesday Blitz"]
[Site "Chess.com"]
[Date "2021.04.20"]
[Round "8"]
[White "Vuk2000"]
[Black "korbul"]
[Result "1-0"]
[WhiteElo "2732"]
[BlackElo "2582"]
[TimeControl "180+1"]
[EndTime "11:26:32 PDT"]
[Termination "Vuk2000 won by resignation"]

1. d4 Nf6 2. Bg5 e6 3. e4 h6 4. Bxf6 Qxf6 5. c3 d6 6. Bd3 e5 7. Ne2 g6 8. O-O Bg7 9. f4 exd4 10. Nxd4 O-O 11. Nd2 c5 12. N4f3 Nc6 13. f5 b6 14.
Nc4 Bb7 15. Ne3 Ne5 16. Nxe5 dxe5 17. fxg6 Qxg6 18. Nf5 Bf6 19. Rf3 Kh8 20. Rg3 Qh7 21. Qf3 Rg8 22. Nd6 Rxg3 23. hxg3 Be7 24. Nxb7 Rb8 25.
Ba6 Qg6 26. Rd1 Qe6 27. Qf5 Qxf5 28. exf5 Kg7 29. Rd7 Kf6 30. g4 e4 31. Nd6 Bxd6 32.
Rxd6+ Ke5 33. Rd7 b5 34. Rxf7 b4 35. Re7+ Kf4 36. Bb7 Kxg4 37. Bxe4 bxc3 38. bxc3 Kg3 39. f6 Rb2 40. Rg7+ Kf4 41. f7 1-0

[Event "*** Titled Tuesday Blitz"]
[Site "Chess.com"]
[Date "2021.04.20"]
[Round "8"]
[White "VladimirBugayev"]
[Black "WiktoriaPOL"]
[Result "1-0"]
[WhiteElo "2269"]
[BlackElo "2054"]
[TimeControl "180+1"]
[EndTime "11:26:32 PDT"]
[Termination "VladimirBugayev won by resignation"]

1. e4 c5 2. Nc3 Nc6 3. Bb5 Nd4 4.
Nf3 g6 5. Nxd4 cxd4 6. Ne2 Bg7 7. O-O a6 8. Ba4 b5 9. Bb3 Bb7 10. d3 e6 11. a4 b4 12. a5 d5 13. f3 Ne7 14. Qe1 O-O 15. Bd2 Qd6 16. Bxb4 Qd7 17.
Bxe7 Qxe7 18. Qf2 Qc5 19. Kh1 e5 20. Ng3 f5 21. exf5 gxf5 22. f4 Rae8 23. fxe5 Bxe5 24.
Nh5 Qc7 25. Qh4 Qf7 26. Rae1 Bg7 27. Nf4 Bf6 28. Qh3 Bg7 29. Nh5 Rxe1 30. Rxe1 Re8 31. Rf1 Bc8 32. Nf4 Be6 33. Qf3 Bh6 34. Nxe6 Rxe6 35.
Bxd5 f4 36. Qg4+ Kh8 37. Qxe6 Qg7 38. Qe8+ Qf8 39. Qxf8+ Bxf8 40. Rxf4 1-0

[Event "*** Titled Tuesday Blitz"]
[Site "Chess.com"]
[Date "2021.04.20"]
[Round "8"]
[White "dretch"]
[Black "Sychev_Klementy"]
[Result "1-0"]
[WhiteElo "2796"]
[BlackElo "2893"]
[TimeControl "180+1"]
[EndTime "11:26:33 PDT"]
[Termination "dretch won on time"]

1. d4 Nf6 2. c4 g6 3. Nc3 d5 4. e3 Bg7 5. Qb3 e6 6. Qa3 c6 7. Nf3 a5 8. b3 Na6 9. Be2 Nb4 10. Qb2 O-O 11. O-O Ne4 12. Rd1 c5 13. a3 Nc6 14.
Qc2 Nxc3 15. Qxc3 cxd4 16. exd4 b6 17. Bg5 Qd6 18. Rac1 Ba6 19. Qe3 Rfc8 20. c5 bxc5 21. Bxa6 Rxa6 22. Rxc5 Raa8 23. Rdc1 Bf8 24. Ne5 Na7 25.
Qf4 f5 26. Bh6 Be7 27. Qg3 Rxc5 28. dxc5 Qc7 29. Bf4 Qb7 30. Nxg6 Bf6 31. Be5 Qf7 32. Nf4+ Kf8 33. Qc3 1-0

[Event "*** Titled Tuesday Blitz"]
[Site "Chess.com"]
[Date "2021.04.20"]
[Round "8"]
[White "Nuvas"]
[Black "djano"]
[Result "1-0"]
[WhiteElo "2639"]
[BlackElo "2469"]
[TimeControl "180+1"]
[EndTime "11:26:33 PDT"]
[Termination "Nuvas won by resignation"]

1. d4 c6 2. e4 d5 3. Nc3 dxe4 4. Nxe4 Nf6 5. Nxf6+ exf6 6. Nf3 Bd6 7. Bd3 O-O 8. O-O Bg4 9. h3 Bh5 10. c3 Nd7 11. Qc2 Bg6 12. Re1 c5 13. Bxg6 hxg6 14. dxc5 Nxc5 15. Be3 Qc7 16. Rad1 Rfe8 17. c4 a5 18. Nd4 Bf8 19. Nb5 Qc6 20. b3 f5 21. Bf4 Re4 22. Rxe4 fxe4 23. Rd5 Re8 24. Bd6 Nd3 25. Bxf8 Kxf8 26. Qd2 Qf6 27. Nd6 Re7 28. Nxe4 Rxe4 29. Qxd3 Re1+ 30. Kh2 Qf4+ 31. Qg3 Qxg3+ 32.
Kxg3 b6 33. Rd6 Re2 34. a4 g5 35. Rxb6 f5 36. Rb5 g6 37. Rxa5 Kg7 38. c5 Rc2 39. b4 f4+ 40. Kf3 Rc3+ 41. Kg4 Kh6 42. Ra8 Rc2 43. Kf3 Rc3+ 44. Ke2 Rc2+ 45. Ke1 Rc1+ 46. Kd2 Rf1 47. Ke2 Rg1 48. c6 Rxg2 49. c7 1-0

[Event "*** Titled Tuesday Blitz"]
[Site "Chess.com"]
[Date "2021.04.20"]
[Round "8"]
[White "VD_coach"]
[Black "Aygehovit1992"]
[Result "0-1"]
[WhiteElo "2500"]
[BlackElo "2672"]
[TimeControl "180+1"]
[EndTime "11:26:35 PDT"]
[Termination "Aygehovit1992 won on time"]

1. Nf3 g6 2. d4 Bg7 3. c4 Nf6 4. Nc3 c5 5. e3 O-O 6. Be2 d5 7. O-O cxd4 8. exd4 Nc6 9. Re1 Bg4 10. cxd5 Nxd5 11. h3 Bf5 12. Bg5 h6 13. Bh4 g5 14.
Bg3 Rc8 15. Rc1 e6 16. a3 Nxc3 17. bxc3 Qa5 18. Qb3 b6 19. Bb5 Rfd8 20. Bxc6 Rxc6 21. Be5 f6 22. Bg3 Qd5 23. Qb2 Rdc8 24. Re3 Kf7 25. Rce1 Qa5 26. Rc1 Bf8 27. c4 Rxc4 28. Rxc4 Rxc4 29.
d5 Qxd5 30. Kh2 Bc5 31. Re2 Qd3 32. Be5 Rc2 33. Rxc2 Qxc2 34. Qb5 Qd3 35. Qc6 Qd8 36. Bc3 Qd6+ 37. Qxd6 Bxd6+ 0-1

[Event "*** Titled Tuesday Blitz"]
[Site "Chess.com"]
[Date "2021.04.20"]
[Round "8"]
[White "chessdiamant"]
[Black "MMSANCHEZ"]
[Result "0-1"]
[WhiteElo "2332"]
[BlackElo "2541"]
[TimeControl "180+1"]
[EndTime "11:26:35 PDT"]
[Termination "MMSANCHEZ won on time"]

1. d4 Nf6 2. c4 e6 3. Nf3 d5 4. g3 Bb4+ 5. Bd2 Be7 6. Bg2 O-O 7. O-O c6 8. a4 b6 9. Qc2 Ba6 10. b3 Nbd7 11. Bf4 c5 12. dxc5 Bxc5 13. Ne5 Rc8 14.
Nxd7 Qxd7 15. Nd2 dxc4 16. Nxc4 Nd5 17. Rfd1 Qe7 18. Bxd5 exd5 19. Rxd5 Bb7 20. Re5 Qd7 21. Rd1 Qh3 22. e4 Qg4 23. Kg2 f6 24. f3 Qg6 25.
Re6 Qf7 26. Red6 Bxd6 27. Bxd6 Rfd8 28. Qe2 Ba6 29. Ba3 Rxd1 30. Qxd1 Bxc4 31. bxc4 Qxc4 32. Qd7 Qc7 33. Qe6+ Kh8 34. h4 Rd8 35. h5 Qd7 36.
Qc4 Rc8 37. Qb4 Qf7 38. g4 Qc4 39. Qe7 Qc7 40. Qe6 h6 41. Kh3 Rd8 42. Be7 Re8 43. Qd6 Qxe7 44. Qc6 Qe6 45. Qc7 Rg8 46. Qxa7 Qb3 0-1

[Event "*** Titled Tuesday Blitz"]
[Site "Chess.com"]
[Date "2021.04.20"]
[Round "8"]
[White "WPWPWP-2015"]
[Black "Irishchessman16"]
[Result "1-0"]
[WhiteElo "2459"]
[BlackElo "2282"]
[TimeControl "180+1"]
[EndTime "11:26:35 PDT"]
[Termination "WPWPWP-2015 won by resignation"]

1. d4 f5 2. g4 e6 3. Nc3 Nf6 4. g5 Ne4 5. h4 Bb4 6. Rh3 c5 7. Bg2 d5 8. a3 Bxc3+ 9. bxc3 Nc6 10. Bb2 Nd6 11. Nf3 Nc4 12. Bc1 Qa5 13. Bd2 O-O 14. h5 f4 15. Rh4 e5 16. dxe5 Be6 17. Kf1 Rad8 18. Rxf4 Rxf4 19. Bxf4 Qxc3 20. Rb1 b6 21.
Rb3 Qa5 22. Kg1 Rf8 23. Bg3 Qa4 24. Ne1 Nd4 25. Nd3 Qd7 26. Nf4 Nxb3 27. cxb3 Nb2 28.
Qd2 Rxf4 29. Bxf4 Qf7 30. e3 1-0

[Event "*** Titled Tuesday Blitz"]
[Site "Chess.com"]
[Date "2021.04.20"]
[Round "8"]
[White "RobertoJBM"]
[Black "Vesper2018"]
[Result "1-0"]
[WhiteElo "2720"]
[BlackElo "2524"]
[TimeControl "180+1"]
[EndTime "11:26:38 PDT"]
[Termination "RobertoJBM won on time"]

1. d4 Nf6 2. c4 g6 3. Nc3 Bg7 4. e4 d6 5. f3 O-O 6. Be3 c5 7. dxc5 dxc5 8. Qxd8 Rxd8 9. Bxc5 Nc6 10. Rd1 Rxd1+ 11. Kxd1 b6 12. Be3 Be6 13. Kc1 Rc8 14. Kb1 Nd7 15. Nd5 Bxd5 16. cxd5 Nb4 17. a3 Nc2 18.
Ba6 Rc7 19. Bf4 Be5 20. Ne2 Bxf4 21. Nxf4 Nc5 22. Be2 Nd4 23. Rd1 Ncb3 24. Bd3 a5 25. Ne2 e5 26. dxe6 fxe6 27. Nxd4 Nxd4 28. e5 Nb3 29. Bc2 Nc5 30. Rd6 b5 31. Rb6 Rb7 32. Rxb7 Nxb7 33. b4 axb4 34. axb4 Nd8 35. Be4 g5 36. g3 h5 37. f4 gxf4 38. gxf4 h4 39. h3 Kg7 40. Kc2 Kh6 41. Kd3 1-0

[Event "*** Titled Tuesday Blitz"]
[Site "Chess.com"]
[Date "2021.04.20"]
[Round "8"]
[White "starplatinum2030"]
[Black "Artyom_ChessMate"]
[Result "0-1"]
[WhiteElo "2300"]
[BlackElo "2550"]
[TimeControl "180+1"]
[EndTime "11:26:38 PDT"]
[Termination "Artyom_ChessMate won by checkmate"]

1. Nf3 d5 2. e3 Nf6 3. b3 e6 4. Bb2 Be7 5. Be2 O-O 6. O-O b6 7. d4 Bb7 8. Nbd2 Nbd7 9. c4 c5 10. Rc1 Rc8 11. Bd3 Rc7 12. Qe2 Qa8 13. cxd5 Nxd5 14.
Bb1 N5f6 15. Rfd1 Rfc8 16. dxc5 Nxc5 17. Nc4 Nce4 18. Nd4 Rd8 19. f3 Nc5 20. Ne5 Rcc8 21. Qf2 Ncd7 22. Nxd7 Rxd7 23. Rxc8+ Qxc8 24. Qg3 Qd8 25. Rc1 Bd6 26. Qh4 Bc5 27. h3 e5 28. Nf5 Rd1+ 29. Kh2 Rxc1 30. Bxc1 Bc8 31. Bb2 Bxf5 32. Bxf5 Qd2 33. Bxe5 Qxe3 34. Qf4 Qg1+ 35. Kg3 Bf2# 0-1

[Event "*** Titled Tuesday Blitz"]
[Site "Chess.com"]
[Date "2021.04.20"]
[Round "8"]
[White "CM_rui"]
[Black "Cuajada_Zero"]
[Result "1-0"]
[WhiteElo "2465"]
[BlackElo "2301"]
[TimeControl "180+1"]
[EndTime "11:26:39 PDT"]
[Termination "CM_rui won on time"]

1. e4 c6 2. d4 d5 3. Nc3 dxe4 4.
Nxe4 Nf6 5. Nxf6+ exf6 6. Ne2 Bd6 7. Ng3 O-O 8. Bd3 Re8+ 9. Be3 Nd7 10. Qf3 Nf8 11.
O-O-O Qa5 12. Kb1 Be6 13. c4 Rac8 14. Ne4 Bb8 15. h4 b5 16. h5 bxc4 17. Bc2 Bd5 18. h6 c3 19. b3 Rxe4 20. Bxe4 Bxb3 21. axb3 Qa3 22. Qe2 Qxb3+ 23. Ka1 Bd6 24. hxg7 Ne6 25. Bxh7+ Kxg7 26. Bb1 Ba3 27. Bh6+ Kg8 28. Qg4+ Ng5 29. Qxc8+ 1-0

[Event "*** Titled Tuesday Blitz"]
[Site "Chess.com"]
[Date "2021.04.20"]
[Round "8"]
[White "BL4D3RUNN3R"]
[Black "ecwinslow"]
[Result "1-0"]
[WhiteElo "2112"]
[BlackElo "2244"]
[TimeControl "180+1"]
[EndTime "11:26:39 PDT"]
[Termination "BL4D3RUNN3R won by resignation"]

1. Nf3 d5 2. c4 e6 3. b3 Nf6 4. Bb2 Be7 5. e3 O-O 6. g3 c5 7. Bg2 Nc6 8. O-O d4 9. exd4 cxd4 10. Re1 Qb6 11. d3 a5 12. Na3 Rd8 13. Nb5 h6 14.
Bc1 Nd7 15. Bf4 Qc5 16. Bc7 Re8 17. Bf4 e5 18. Bd2 Qb6 19. a3 Qd8 20. Rb1 f6 21. Nh4 Nf8 22. Qh5 Be6 23. Bd5 Qd7 24. Ng6 Nxg6 25.
Qxg6 Bxd5 26. cxd5 Qxd5 27. Bxh6 Qf7 28. Qg4 Bf8 29. Bd2 Rac8 30. Rec1 Qd5 31. a4 Bb4 32. Bxb4 Nxb4 33. Rxc8 1-0

[Event "*** Titled Tuesday Blitz"]
[Site "Chess.com"]
[Date "2021.04.20"]
[Round "8"]
[White "champ2005"]
[Black "DeTimmerman"]
[Result "1-0"]
[WhiteElo "2994"]
[BlackElo "2823"]
[TimeControl "180+1"]
[EndTime "11:26:40 PDT"]
[Termination "champ2005 won by resignation"]

1. c4 Nf6 2. Nc3 e5 3. Nf3 Nc6 4. d3 d5 5. cxd5 Nxd5 6. e4 Nb6 7. h3 Be7 8. Be2 O-O 9. O-O Be6 10. Be3 f6 11. Rc1 Qd7 12. a3 Rfd8 13. Qc2 Nd4 14. Bxd4 exd4 15. Nb1 c5 16. Nbd2 Rac8 17. Ne1 Kh8 18.
f4 Qe8 19. b3 c4 20. bxc4 Bxa3 21. Rb1 Bc5 22. Bg4 Bxg4 23. hxg4 Rc7 24. Nef3 Na4 25. Rbe1 b5 26. e5 fxe5 27. Rxe5 Re7 28. Ne4 Rxe5 29. Nxe5 Bb6 30. cxb5 Nc3 31. Qb3 Rd5 32.
Kh1 Qxb5 33. Qa3 Qe8 34. Nd6 Nb5 35. Qb3 Rxd6 36. Nf7+ Kg8 37. Nxd6+ Qe6 38. Qxe6+ 1-0

[Event "*** Titled Tuesday Blitz"]
[Site "Chess.com"]
[Date "2021.04.20"]
[Round "8"]
[White "A-S-00"]
[Black "PawnEatingZombie"]
[Result "1-0"]
[WhiteElo "2324"]
[BlackElo "2178"]
[TimeControl "180+1"]
[EndTime "11:26:41 PDT"]
[Termination "A-S-00 won on time"]

1. e4 c6 2. d4 d5 3. exd5 cxd5 4. c4 Nf6 5. Nf3 g6 6. Nc3 Bg7 7. Be2 O-O 8. O-O Nc6 9. h3 dxc4 10. Bxc4 b6 11. Bg5 Bb7 12. Re1 Rc8 13. Bb3 Na5 14.
Bc2 Nc4 15. Bc1 Nd5 16. Qe2 e6 17. Be4 Nxc3 18. bxc3 Bxe4 19. Qxe4 Nd6 20. Qd3 Qc7 21. Bf4 Rfd8 22. Rac1 Qc4 23. Qd2 Nb5 24. Ne5 Qa4 25. Ng4 Nd6 26. Bh6 Nf5 27. Bxg7 Kxg7 28. Qf4 Qb5 29.
Re5 Qb2 30. Rce1 Rxc3 31. Rxf5 exf5 32. Qe5+ 1-0

[Event "*** Titled Tuesday Blitz"]
[Site "Chess.com"]
[Date "2021.04.20"]
[Round "8"]
[White "Witik"]
[Black "InvisibleWarrior2252"]
[Result "0-1"]
[WhiteElo "2668"]
[BlackElo "2549"]
[TimeControl "180+1"]
[EndTime "11:26:42 PDT"]
[Termination "InvisibleWarrior2252 won on time"]

1. e4 c5 2. Nf3 d6 3. d4 cxd4 4. Nxd4 Nf6 5. Nc3 a6 6. Be3 e5 7.
Nf3 Be7 8. Bc4 Be6 9. Bxe6 fxe6 10. O-O Nbd7 11. Ng5 Nf8 12. f4 h6 13. Nh3 Ng6 14. f5 Nf8 15. fxe6 Nxe6 16. Rxf6 Bxf6 17. Qh5+ Kd7 18.
Nd5 Qe8 19. Nb6+ Kc6 20. Qe2 Nd4 21. Bxd4 exd4 22. Nxa8 Qxa8 23. Nf4 Qe8 24. Nd5 Kd7 25. Qc4 Qd8 26. Rf1 Rf8 27. a4 Be5 28. Rxf8 Qxf8 29. Qc7+ Ke6 30. Qxb7 d3 0-1

[Event "*** Titled Tuesday Blitz"]
[Site "Chess.com"]
[Date "2021.04.20"]
[Round "8"]
[White "Sjakkerntobi"]
[Black "MVM2008"]
[Result "0-1"]
[WhiteElo "2376"]
[BlackElo "2182"]
[TimeControl "180+1"]
[EndTime "11:26:42 PDT"]
[Termination "MVM2008 won by resignation"]

1. e4 e5 2. Nf3 Nf6 3. Nxe5 Nc6 4. Nxc6 dxc6 5. d3 Bc5 6. c3 Nxe4 7. d4 Bd6 8. Bd3 Nf6 9. h3 Be6 10. O-O Qd7 11.
a4 O-O-O 12. b4 h5 13. b5 Bxh3 14. bxc6 Qe6 15. Re1 Qg4 16. Qxg4+ Bxg4 17. cxb7+ Kxb7 18. Na3 Rhe8 19. Be3 Nd5 20. Rab1+ Ka8 21. Bb5 Bd7 22. Bd2 Rxe1+ 23. Rxe1 Bxa3 24. Bxd7 Rxd7 25. c4 Nf6 26. d5 c6 27. dxc6 Rxd2 28. Re3 Rd1+ 29. Kh2 Ng4+ 30.
Kg3 Nxe3 31. fxe3 Rc1 32. c7 Rxc4 33. c8=Q+ Rxc8 0-1

[Event "*** Titled Tuesday Blitz"]
[Site "Chess.com"]
[Date "2021.04.20"]
[Round "8"]
[White "ckgchess"]
[Black "GM_LOADING"]
[Result "1-0"]
[WhiteElo "2700"]
[BlackElo "2540"]
[TimeControl "180+1"]
[EndTime "11:26:43 PDT"]
[Termination "ckgchess won on time"]

1. e4 e5 2. Nc3 Nf6 3. g3 d5 4.
exd5 Nxd5 5. Bg2 Nxc3 6. bxc3 Nc6 7. Nf3 Bc5 8. O-O O-O 9. Re1 Re8 10. Rb1 Bb6 11. d4 exd4 12. Rxe8+ Qxe8 13. cxd4 Bg4 14. c3 Rd8 15. h3 Bh5 16. Bg5 Rd7 17. Bf4 h6 18.
Rb5 Bxd4 19. cxd4 Nxd4 20. Qxd4 Rxd4 21. Nxd4 Qe1+ 22. Kh2 Bg6 23. Rxb7 Qxf2 24. Nf3 Be4 25. Rb3 Qxa2 26. Re3 Qd5 27. Bxc7 a5 28. Ng5 Qxg5 29.
Rxe4 Qc5 30. Re8+ Kh7 31. Be5 f6 32. Ba1 1-0